 Dungeon Crawl Stone Soup version 0.31.0-11-ge490571c62 (webtiles) character file.

Game seed: 4968495815793425171

49 qw the Shooter (level 3, -1/20 HPs)
             Began as a Deep Elf Hunter on Feb 4, 2024.
             Slain by a hobgoblin (2 damage)
             ... on level 2 of the Dungeon.
             The game lasted 00:00:03 (1128 turns).

qw the Shooter (Deep Elf Hunter)                    Turns: 1128, Time: 00:00:04

Health: -1/20      AC:  4    Str: 10    XL:     3   Next: 51%
Magic:  5/5        EV: 12    Int: 13    God:
Gold:   127        SH:  0    Dex: 18    Spells: 2/2 levels left

rFire   . . .        a - +0 shortbow
rCold   . . .        (shield currently unavailable)
rNeg    . . .        c - +0 leather armour
rPois   .            (no helmet)
rElec   .            (no cloak)
rCorr   .            (no gloves)
SInv    .            d - +0 pair of boots
Will    .....        (no amulet)
Stlth   ++           (no ring)
HPRegen 0.23/turn    (no ring)
MPRegen 0.09/turn

%: no passive effects
@: lethally poisoned (-1 -> -3)
A: no striking features
a: no special abilities


You were on level 2 of the Dungeon.
You visited 1 branch of the dungeon, and saw 2 of its levels.

You collected 127 gold pieces.


   Skills:
 - Level 1.5 Fighting
 + Level 7.0 Ranged Weapons
 - Level 2.4 Dodging
 - Level 1.2 Stealth


You had 2 spell levels left.
You didn't know any spells.
Your spell library was empty.

Inventory:

Hand Weapons
 a - a +0 shortbow (weapon)
Armour
 c - a +0 leather armour (worn)
 d - a +0 pair of boots (worn)
Scrolls
 b - a scroll of acquirement {unknown}
Potions
 g - a potion of mutation {unknown}

Dungeon Overview and Level Annotations

Branches:
Dungeon (2/15)

Altars:


Message History

The jackal is heavily wounded.
The jackal bites you. The jackal barely misses you. The jackal bites you.
The jackal barely misses you.
You shoot an arrow. The arrow hits the jackal!
You kill the jackal!
The jackal misses you. The hobgoblin hits you.
You shoot an arrow. The arrow hits the jackal.
The jackal is lightly wounded.
The jackal bites you.
The jackal bites you but does no damage.
The hobgoblin closely misses you. The adder closely misses you.
You shoot an arrow. The arrow barely misses the jackal.
The arrow hits the jackal!
You kill the jackal!
The jackal barely misses you. The adder bites you.
You are poisoned.
The adder poisons you! The hobgoblin barely misses you.
A kobold comes into view.
It is wielding a +2 short sword of draining.
You shoot an arrow. The arrow barely misses the jackal.
The kobold shouts!
The arrow hits the endoplasm but does no damage.
You feel sick.
The jackal bites you but does no damage.
The adder bites you but does no damage. The hobgoblin barely misses you.
The jackal bites you but does no damage.
You shoot an arrow. The arrow hits the jackal!
You kill the jackal!
You feel sick. The adder closely misses you. The hobgoblin misses you.
The adder bites you.
You shoot an arrow. The arrow hits the adder.
The adder is heavily wounded.
You feel sick. The adder completely misses you. The endoplasm freezes you.
You are frozen.
The hobgoblin closely misses you.
You shoot an arrow. The arrow hits the adder!
You kill the adder!
You feel sick. The endoplasm freezes you.
You are frozen.
The hobgoblin hits you.
You die...

##### #.... #####
##########.### # #...#
#.............
.##.#...###^########.##.
.[...........#######.##.
#...g.................
#.K%J@......##########
#..$..###.#.# #.....#
#.#.# #..#### #.#.#
.#..######.#)#
...........#.#
..##.###.#..#.# ##
#.#..#.# #.#..#


You could see an endoplasm, a hobgoblin and a kobold.

Vanquished Creatures
  An adder (D:2)
  3 dart slugs (D:1)
  A bat (D:1)
  5 endoplasms
  4 goblins
  6 hobgoblins
  4 jackals (D:2)
  5 kobolds
  2 quokkas (D:1)
  2 ball pythons (D:1)
  A frilled lizard (D:2)
  3 rats (D:1)
37 creatures vanquished.

Notes
Turn   | Place    | Note
-------+----------+-------------------------------------------
     0 | D:1      | qw the Deep Elf Hunter began the quest for the Orb.
     0 | D:1      | Reached XP level 1. HP: 12/12 MP: 3/3
     0 | D:1      | 0 ||| qw: Version: 0.3-a-160-g6735b56
     0 | D:1      | 0 ||| qw: Game counter: 5295
     0 | D:1      | 0 ||| qw: Melee chars always use a shield: true
     0 | D:1      | 0 ||| qw: God list: Okawaru
     0 | D:1      | 0 ||| qw: Allow faded altars: false
     0 | D:1      | 0 ||| qw: Do Orc after clearing Dungeon:15 true
     0 | D:1      | 0 ||| qw: Do second Lair branch before Depths: true
     0 | D:1      | 0 ||| qw: Lair rune preference: random
     0 | D:1      | 0 ||| qw: Goals: Normal
     0 | D:1      | 0 ||| PLANNING D:1-11
    76 | D:1      | Reached XP level 2. HP: 16/16 MP: 4/4
    99 | D:1      | Reached skill level 6 in Ranged Weapons
   462 | D:1      | Reached XP level 3. HP: 20/20 MP: 5/5
   718 | D:1      | 718 ||| UPGRADING to +0 pair of boots.
   723 | D:1      | 723 ||| READING scroll labelled XADDUISIUN.
   724 | D:1      | 724 ||| READING scroll labelled DOYSIBIPHIEMI.
   825 | D:1      | 825 ||| DROPPING scroll of butterflies.
  1117 | D:2      | Reached skill level 7 in Ranged Weapons
  1126 | D:2      | HP: 5/20 [adder (2)]
  1127 | D:2      | HP: 2/20 [frozen (2)]
  1128 | D:2      | Slain by a hobgoblin

Levels and vault maps discovered:
D:1:      ncdulo_wetmaze, layout_basic, minivault_25, minmay_tripent
D:2:      cheibrodos_greedy_goblins, layout_loops_ring, serial_shops, shop

Skill      XL: |  1  2  3 |
---------------+----------+-----
Ranged Weapons | 6 7 |  7.0
Fighting       | |  1.5
Dodging        | |  2.4
Stealth        | |  1.2

Action                     || total
---------------------------++-------
   Fire: Shortbow          ||    96
    Use: Scroll            ||     2
 Armour: Leather armour    ||    31
  Dodge: Dodged            ||    31

Table legend:
 A = Non-vault XP
 B = Vault XP
 C = Vault XP percentage of total XP
 D = Non-vault monster count
 E = Vault monster count
 F = Vault count percentage of total count
                 A         B        C        D         E       F
            +---------+---------+-------+---------+---------+-------
      Total |      68 |      16 |  19.0 |      28 |       9 |  24.3
            +---------+---------+-------+---------+---------+-------
        D:1 |      42 |       2 |   4.5 |      20 |       2 |   9.1
        D:2 |      26 |      14 |  35.0 |       8 |       7 |  46.7
            +---------+---------+-------+---------+---------+-------
